 Dungeon Crawl Stone Soup version 0.30.1-4-g462c640d31 (webtiles) character file.

Game seed: 12988578678174158416

3024 Almogavar the Thaumaturge (level 9, -2/47 HPs)
             Began as a Deep Elf Conjurer on Aug 14, 2023.
             Was a Believer of Nemelex Xobeh.
             Slain by a two-headed ogre
             ... wielding a +0 giant club
              (9 damage)
             ... on level 9 of the Dungeon.
             The game lasted 00:26:31 (9649 turns).

Almogavar the Thaumaturge (Deep Elf Conjurer)       Turns: 9649, Time: 00:26:32

Health: -2/47      AC:  7    Str:  4    XL:     9   Next: 55%
Magic:  0/25       EV: 13    Int: 31    God:    Nemelex Xobeh [**....]
Gold:   453        SH:  0    Dex: 13    Spells: 19/29 levels left

rFire   . . .        N - +7 short sword "Rawerchym" {freeze, Int+3}
rCold   . . .        (no shield)
rNeg    + . .        a - +0 robe
rPois   .            (no helmet)
rElec   .            m - +2 cloak {Will+}
rCorr   .            n - +0 pair of gloves
SInv    .            J - +0 pair of boots
Will    +....        p - amulet of guardian spirit
Stlth   +++          M - ring of positive energy
HPRegen 0.27/turn    (no ring)
MPRegen 0.19/turn

%: guardian spirit
@: no status effects
A: no striking features
a: Renounce Religion, Draw Escape, Draw Destruction, Draw Summoning


You were on level 9 of the Dungeon.
You worshipped Nemelex Xobeh.
Nemelex Xobeh was pleased with you.
You visited 2 branches of the dungeon, and saw 10 of its levels.

You collected 453 gold pieces.

Inventory:

Hand Weapons
 l - a +3 quarterstaff of chaos
 N - the +7 short sword "Rawerchym" (weapon) {freeze, Int+3}
   (You found it on level 8 of the Dungeon)

   Int:       It affects your intelligence (+3).
Missiles
 h - 4 throwing nets
Armour
 a - a +0 robe (worn)
 c - a +0 leather armour
 m - a +2 cloak of willpower (worn)
 n - a +0 pair of gloves (worn)
 J - a +0 pair of boots (worn)
Jewellery
 p - an amulet of guardian spirit (around neck)
 v - a ring of fire
 M - a ring of positive energy (left hand)
Wands
 k - a wand of roots (7)
 A - a wand of digging (6)
Scrolls
 b - a scroll of identify
 f - 2 scrolls of silence
 i - 2 scrolls of enchant armour
 j - a scroll of enchant weapon
 r - 2 scrolls of noise {unknown}
 w - a scroll of torment {unknown}
 x - a scroll of blinking {unknown}
 y - 3 scrolls of teleportation {unknown}
 D - a scroll of fog {unknown}
 G - a scroll of fear {unknown}
 H - a scroll of poison {unknown}
 I - a scroll of brand weapon {unknown}
 K - a scroll of magic mapping {unknown}
 L - a scroll of immolation {unknown}
Potions
 d - 2 potions of invisibility
 g - 2 potions of curing
 o - 3 potions of flight {unknown}
 q - 4 potions of lignification {unknown}
 s - 2 potions of brilliance {unknown}
 t - 2 potions of heal wounds {unknown}
 u - 2 potions of attraction {unknown}
 z - 2 potions of degeneration {unknown}
 B - 2 potions of haste {unknown}
 C - 2 potions of berserk rage {unknown}
 E - 2 potions of cancellation {unknown}


   Skills:
 + Level 1.0 Fighting
 + Level 1.9 Staves
 + Level 4.5 Dodging
 + Level 6.6 Stealth
 + Level 10.7 Spellcasting
 + Level 10.5 Conjurations


You had 19 spell levels left.
You knew the following spells:

 Your Spells              Type           Power      Damage    Failure   Level
a - Magic Dart            Conj           100%       1d8       1%          1
b - Searing Ray           Conj           100%       2d8       1%          2
c - Iskenderun's Mystic   Conj/Tloc      49%        2d11      3%          4
d - Dazzling Flash        Conj/Hex       98%        N/A       1%          3

Your spell library contained the following spells:

 Spells                   Type           Power      Damage    Failure   Level
 Kiss of Death            Conj/Necr      100%       2d13      1%          1
 Fulminant Prism          Conj/Hex       24%        3d12      3%          4
 Confusing Touch          Hex            17%        N/A       9%          3
 Dispel Undead            Necr           16%        3d10      30%         4


Dungeon Overview and Level Annotations

Branches:
Dungeon (9/15)             Temple (1/1) D:4
   Lair: D:8-11         Orc: D:9-12

Altars:
Ashenzari
Cheibriados
Dithmenos
Elyvilon
Fedhas
Gozag
Hepliaklqana
Kikubaaqudgha
Makhleb
Nemelex Xobeh
Okawaru
Ru
Sif Muna
Trog
Wu Jian
Xom
Yredelemnul
Zin
The Shining One

Shops:
D:3 [   D:7 :


Message History

Casting: Magic Dart (safe; 1% risk of failure)
Confirm with . or Enter, or press ? or * to list all spells.
You can't see any susceptible monsters within range! (Use Z to cast anyway.)
Casting: Magic Dart (safe; 1% risk of failure)
Confirm with . or Enter, or press ? or * to list all spells.
Aiming: Searing Ray (safe; 1% risk of failure)
Press: ? - help, Shift-Dir - straight line, f/p - two-headed ogre
Aim: a two-headed ogre, wielding two +0 giant clubs (lightly wounded, 92% to hit)
The searing ray hits the two-headed ogre!
The two-headed ogre is moderately wounded. (Press . to maintain the ray.)
The searing ray hits the two-headed ogre.
The two-headed ogre is moderately wounded.
The searing ray hits the two-headed ogre!
The two-headed ogre is heavily wounded.
Casting: Searing Ray (safe; 1% risk of failure)
Confirm with . or Enter, or press ? or * to list all spells.
Restarting spell: Searing Ray (safe; 1% risk of failure)
Press: ? - help, Shift-Dir - straight line, f/p - two-headed ogre
Aim: a two-headed ogre, wielding two +0 giant clubs (heavily wounded, 92% to hit)
The searing ray misses the two-headed ogre. (Press . to maintain the ray.)
The two-headed ogre misses you.
The two-headed ogre hits you with a +0 giant club!
The searing ray misses the two-headed ogre.
The two-headed ogre hits you with a +0 giant club!!
Ouch! That really hurt!
The two-headed ogre hits you with a +0 giant club!
* * * LOW HITPOINT WARNING * * *
Casting: Searing Ray (safe; 1% risk of failure)
Confirm with . or Enter, or press ? or * to list all spells.
Casting: Dazzling Flash (safe; 1% risk of failure)
Press: ? - help, Dir - look around, f - activate
Casting: Dazzling Flash (safe; 1% risk of failure)
Confirm with . or Enter, or press ? or * to list all spells.
You don't have enough magic to cast this spell.
The two-headed ogre attacks as you move away!
The two-headed ogre hits you with a +0 giant club!
You die...
Your body glows slightly and disappears.

. .# . .# ### #. .# .
..## .# .## .. #..#####
.##..##.## ##.....######
.....?...
#####......####..[.....
######..##.@O......
##..#.........
########## #............
..............##......./
.......######.###...##..
.......# #.. ##.# #
..<....# ###. ...
.......# . .... .......#
> ..


You could see a two-headed ogre.

Vanquished Creatures
  Grinder (D:3)
  A yak (D:8)
  A shadow (D:9)
  A wyvern (D:9)
  Menkaure (D:6)
  2 water moccasins
  An ogre (D:5)
  2 kobold brigands (D:8)
  2 bullfrogs
  4 scorpions
  5 wights (D:8)
  9 killer bees
  A howler monkey (D:8)
  2 hounds
  5 jellies
  2 orc priests (D:6)
  Crazy Yiuf (D:2)
  Jessica (D:3)
  3 iguanas
  A sleepcap (D:6)
  6 orc wizards
  7 adders
  2 white imps
  4 ufetubi
  A worm (D:2)
  2 dart slugs
  16 orcs
  6 endoplasms
  9 giant cockroaches
  7 goblins
  3 hobgoblins
  5 quokkas
  6 ball pythons
  2 bats (D:1)
  2 frilled lizards (D:1)
  16 kobolds
  3 rats
143 creatures vanquished.

Notes
Turn   | Place    | Note
-------+----------+-------------------------------------------
     0 | D:1      | Almogavar the Deep Elf Conjurer began the quest for the
                  | Orb.
     0 | D:1      | Reached XP level 1. HP: 10/10 MP: 6/6
   192 | D:1      | Reached XP level 2. HP: 15/15 MP: 6/8
   261 | D:1      | Learned a level 2 spell: Searing Ray
   652 | D:1      | Reached skill level 5 in Conjurations
  1120 | D:2      | Found a glowing golden altar of the Shining One.
  1194 | D:2      | Reached XP level 3. HP: 19/19 MP: 2/10
  1575 | D:2      | Identified the +5 flail of Waaczyar {antimagic, rN+ Str+3}
  1813 | D:2      | Found a faded altar of an unknown god.
  2234 | D:2      | Found a runed translucent door.
  2235 | D:2      | Noticed Crazy Yiuf
  2241 | D:2      | Killed Crazy Yiuf
  2242 | D:2      | Reached XP level 4. HP: 24/24 MP: 6/11
  2725 | D:3      | You fall into a shaft and drop 2 floors!
  2725 | D:5      | Entered Level 5 of the Dungeon
  2747 | D:5      | Reached XP level 5. HP: 28/28 MP: 4/13
  2998 | D:3      | Noticed Jessica
  3000 | D:3      | Killed Jessica
  3107 | D:3      | Noticed Grinder
  3117 | D:3      | Killed Grinder
  3118 | D:3      | Reached skill level 5 in Spellcasting
  3118 | D:3      | Reached XP level 6. HP: 31/32 MP: 3/15
  3220 | D:3      | Found Uboth's Antique Armour Shop.
  3892 | D:4      | Found a staircase to the Ecumenical Temple.
  3944 | D:4      | Found a blossoming altar of Fedhas.
  3952 | Temple   | Entered the Ecumenical Temple
  4195 | Temple   | Became a worshipper of Nemelex Xobeh the Trickster
  4498 | D:4      | Reached XP level 7. HP: 36/36 MP: 12/17
  5427 | D:5      | Reached skill level 5 in Stealth
  5508 | D:5      | Reached XP level 8. HP: 41/41 MP: 13/20
  5750 | D:6      | Reached * piety under Nemelex Xobeh
  5750 | D:6      | Received a gift from Nemelex Xobeh
  5809 | D:6      | Learned a level 4 spell: Iskenderun's Mystic Blast
  5982 | D:6      | Noticed Menkaure
  5998 | D:6      | Killed Menkaure
  7368 | D:7      | Found Fitus's Vocational Training.
  7412 | D:7      | Reached skill level 1 in Staves
  7857 | D:7      | Reached ** piety under Nemelex Xobeh
  8092 | D:8      | Reached XP level 9. HP: 39/46 MP: 13/24
  8264 | D:8      | Found a shadowy altar of Dithmenos.
  8296 | D:8      | Found a shimmering blue altar of Sif Muna.
  8442 | D:8      | Reached skill level 10 in Conjurations
  8471 | D:8      | Learned a level 3 spell: Dazzling Flash
  8617 | D:8      | Identified the +7 short sword "Rawerchym" {freeze, Int+3}
  8713 | D:8      | Reached skill level 10 in Spellcasting
  9276 | D:8      | Found a white marble altar of Elyvilon.
  9276 | D:8      | Found a snail-covered altar of Cheibriados.
  9404 | D:9      | Identified the +5 ring mail of Philately {-Tele Fly rPois
                  | Stlth+}
  9417 | D:9      | Reached skill level 1 in Fighting
  9639 | D:9      | Noticed a two-headed ogre
  9649 | D:9      | Slain by a two-headed ogre

Illustrated notes

Levels and vault maps discovered:
D:1:      beargit_arrival_diablo_church, layout_loops_ring,
          minmay_misc_feat_nine_boxes, st_stairs_11
D:2:      layout_basic, basic_altar, shapermc_ecumenical_altar_hornbeckon,
          uniq_crazy_yiuf_cottage
D:3:      layout_loops_corners, serial_shops, nicolae_shop_tiny_statue_garden,
          uniq_grinder, uniq_jessica
D:4:      layout_basic, overflow_temple_1_default, minmay_temple_entry_grid
D:5:      layout_rooms, serial_aquarium, aquarium_bridge_square
          [aquarium_subvault_bridge, aquarium_subvault_bridge,
          aquarium_subvault_wall, aquarium_subvault_bridge],
          aquarium_bridge_straight [aquarium_subvault_bridge,
          aquarium_subvault_wall, aquarium_subvault_bridge,
          aquarium_subvault_wall], aquarium_window_1, aquarium_window_fake,
          aquarium_window_3, aquarium_view_2d, aquarium_view_2c,
          aquarium_balcony_3b, portal_sewer_entry_f
D:6:      layout_basic, nicolae_zen_rock_garden, uniq_menkaure
D:7:      layout_basic, nicolae_shop_vocational
D:8:      layout_loops_ring, mainiacjoe_overflow_six_doors_small,
          kennysheep_mini, gammafunk_temple_overflow_wave, bh_walls_and_bars
D:9:      layout_rooms
Temple:   eino_temple_water

Skill      XL: |  1  2  3  4  5  6  7  8  9 |
---------------+----------------------------+-----
Conjurations   | 5 6 7 8 9 10 | 10.5
Stealth        | 3 4 5 6 |  6.6
Spellcasting   | 4 5 7 9 10 | 10.7
Dodging        | 3 4 |  4.5
Staves         | 1 |  1.9
Fighting       | 1 |  1.0

Action                     |  1- 3 |  4- 6 |  7- 9 || total
---------------------------+-------+-------+-------++-------
  Melee: Dagger            |     7 |       |       ||     7
         Quarterstaff      |       |       |     5 ||     5
         Short sword       |       |       |     2 ||     2
         Punch             |       |       |     1 ||     1
   Cast: Magic Dart        |    49 |    41 |    79 ||   169
         Searing Ray       |     5 |    16 |    67 ||    88
         Dazzling Flash    |       |       |     2 ||     2
    Use: Scroll            |     1 |     3 |     5 ||     9
         Potion            |       |       |     1 ||     1
 Armour: Robe              |       |     3 |    13 ||    16
  Dodge: Dodged            |     1 |     8 |    41 ||    50
